 Dungeon Crawl Stone Soup version 0.21-a0-110-g8e1637b (webtiles) character file.

11967 sscrono2 the Covert (level 11, -7/74 HPs)
             Began as an Octopode Assassin on July 10, 2017.
             Was a Follower of Uskayaw.
             Killed from afar by a tengu reaver (58 damage)
             ... with a fireball
             ... on level 11 of the Dungeon.
             The game lasted 00:22:04 (10415 turns).

sscrono2 the Covert (Octopode Assassin)            Turns: 10415, Time: 00:22:05

Health: -7/74      AC:  2    Str: 11    XL:     11   Next: 86%
Magic:  18/18      EV: 17    Int: 14    God:    Uskayaw [*.....]
Gold:   410        SH:  0    Dex: 16    Spells: 1/10 levels left

rFire    . . .     SeeInvis .   b - +0 blowgun
rCold    . . .     Gourm    .   (no shield)
rNeg     . . .     Faith    .   t - +1 hat
rPois    .         Spirit   .   (no amulet)
rElec    .         Reflect  .   (no ring)
rCorr    .         Harm     .   (no ring)
MR       .....                  (no ring)
Stlth    ++++++....             (no ring)
HPRegen  0.22/turn              (no ring)
MPRegen  0.16/turn              (no ring)
                                (no ring)
                                (no ring)

@: no status effects
A: almost no armour, stealthy swim, amphibious, 8 rings, constrict 8, tentacle
spike 1, camouflage 1, mutation resistance 1, gelatinous body 1
a: Stomp, Renounce Religion


You were on level 11 of the Dungeon.
You worshipped Uskayaw.
Uskayaw was aware of your devotion.
You were not hungry.

You visited 2 branches of the dungeon, and saw 12 of its levels.
You also visited: Ossuary.

You collected 709 gold pieces.
You spent 299 gold pieces at shops.

Inventory:

Hand Weapons
 a - a +5 dagger of electrocution
 b - a +0 blowgun (weapon)
 A - a +1 falchion of flaming
Missiles
 c - 28 poisoned needles (quivered)
 k - 7 needles of paralysis
 L - 4 needles of confusion
Armour
 j - a +0 shield
 t - a +1 hat (worn)
Jewellery
 C - an uncursed ring of ice
Wands
 r - a wand of scattershot (4/9)
 u - a wand of clouds (3/9)
 N - a wand of lightning (7/15)
Scrolls
 h - a scroll of vulnerability {unknown}
 l - 2 scrolls of enchant armour
 m - 2 scrolls of recharging
 p - 2 scrolls of amnesia
 s - 3 scrolls of blinking
 v - 8 scrolls of teleportation
 x - 4 scrolls of remove curse
 y - a scroll of magic mapping {unknown}
 B - a scroll of torment {unknown}
 E - 2 scrolls of fear
 F - a scroll of brand weapon
 G - a scroll of enchant weapon
Potions
 g - a potion of resistance
 n - 2 potions of flight
 q - a potion of ambrosia
 z - 2 potions of curing
 H - 3 potions of berserk rage
 K - a potion of agility {unknown}
 O - a potion of magic
Books
 e - a book of the Tempests

   Spells                             Type                      Level
   a - Static Discharge               Conjuration/Air              3
   b - Lightning Bolt                 Conjuration/Air              5
   c - Ignition                       Fire                         8
   d - Tornado                        Air                          9
   e - Shatter                        Earth                        9
 i - a book of Necromancy

   Spells                             Type                      Level
   a - Pain                           Necromancy                   1
   b - Animate Skeleton               Necromancy                   1
   c - Vampiric Draining              Necromancy                   3
   d - Regeneration                   Charms/Necromancy            3
   e - Animate Dead                   Necromancy                   4
   f - Control Undead                 Necromancy                   4
 D - a book of Changes

   Spells                             Type                      Level
   a - Beastly Appendage              Transmutation                1
   b - Sticks to Snakes               Transmutation                2
   c - Spider Form                    Transmutation/Poison         3
   d - Ice Form                       Ice/Transmutation            4
   e - Blade Hands                    Transmutation                5
 I - a book of Air

   Spells                             Type                      Level
   a - Shock                          Conjuration/Air              1
   b - Swiftness                      Charms/Air                   2
   c - Static Discharge               Conjuration/Air              3
   d - Airstrike                      Air                          4
   e - Lightning Bolt                 Conjuration/Air              5
Miscellaneous
 M - a lightning rod (2/4)
Comestibles
 d - 15 fruits
 f - 5 bread rations
 o - 10 royal jellies
 w - 7 meat rations


   Skills:
 + Level 6.7 Fighting
 - Level 9.0 Short Blades
 - Level 2.0 Throwing
 + Level 6.3 Dodging
 + Level 10.7 Stealth
 + Level 6.4 Shields
 * Level 3.3 Air Magic
 * Level 10.3 Invocations


You had one spell level left.
You knew the following spells:

 Your Spells              Type           Power        Failure   Level  Hunger
a - Tornado               Air            #.........   100%        9    #######


Dungeon Overview and Level Annotations

Branches:
Dungeon (11/15)            Temple (1/1) D:6            Lair (0/6) D:9
    Orc: D:9-12

Altars:
Ashenzari
Cheibriados
Dithmenos
Elyvilon
Fedhas
Gozag
Hepliaklqana
Kikubaaqudgha
Makhleb
Nemelex Xobeh
Okawaru
Qazlal
Ru
Sif Muna
Trog
Uskayaw
Vehumet
Wu Jian
Xom
Yredelemnul
Zin
The Shining One

Shops:
D:6 [%?(   D:10 (

Annotations:
D:3 dig


Innate Abilities, Weirdness & Mutations

You cannot wear most types of armour.
You are very stealthy in the water. (Stealth+)
You are amphibious.
You can wear up to eight rings at the same time.
You can use your tentacles to constrict eight enemies at once.
Your skin changes colour to match your surroundings (Stealth+).
Your rubbery body absorbs attacks. (AC +1, EV +1)
One of your tentacles bears a spike.
You are somewhat resistant to further mutation.


Message History

Your +5 dagger of electrocution stops crackling.
b - a +0 blowgun (weapon)
Firing (i - inventory. (,) - cycle):
J - 2 curare-tipped needles (quivered)
Press: ? - help, Shift-Dir - straight line, f - tengu reaver
Aim: a tengu reaver, wielding a battleaxe of flaming and wearing a scale mail (hasn't noticed you)
You shoot a curare-tipped needle.
The curare-tipped needle misses the tengu reaver.
The tengu reaver shouts!
Firing (i - inventory. (,) - cycle):
J - a curare-tipped needle (quivered)
Press: ? - help, Shift-Dir - straight line, f/p - tengu reaver
Aim: a tengu reaver, wielding a battleaxe of flaming and wearing a scale mail You shoot a curare-tipped needle.
The curare-tipped needle hits the tengu reaver.
The tengu reaver is poisoned.
The tengu reaver convulses.
The tengu reaver seems to slow down.
The tengu reaver is lightly wounded.
The tengu reaver points at you and mumbles some strange words.
The fireball explodes!
The fireball engulfs you!
Ouch! That really hurt!
You die...

#...)...# ..###. #.....#.#.#
..#... #.#####.#.# ...... #.
#.#.#
...#...####+#+#####...########
...#......(..........>........
...#.......Q......############
...#..................#
...+............@.###.#
...#.)............# #.#######
...#..............###.......#
...#......>........(........#
..........$##.......)(......#
'##.........#...(...รท))(....#
.##.........#...............#
.##.........##................
###........###.............###


You could see a tengu reaver.

Vanquished Creatures
  An ettin (D:11)
  Erolcha (D:9)
  A hydra (D:8)
  A two-headed ogre (D:8)
  A deep troll (D:11)
  Pikel (D:8)
  A cyclops (D:9)
  A manticore (D:9)
  A troll (D:11)
  Prince Ribbit (D:8)
  2 hippogriffs
  2 dream sheep (D:8)
  2 yaks (D:8)
  2 wraiths
  Grum (D:11)
  A vampire mosquito (D:11)
  2 hell hounds (D:9)
  A water moccasin (D:7)
  2 slaves (D:8)
  2 orc warriors
  2 ice beasts
  A phantom (D:8)
  3 black bears
  7 ogres
  5 centaurs
  2 wolves (D:11)
  4 big kobolds
  2 elf zombies (D:5)
  5 bullfrogs
  2 wyvern zombies
  2 gnoll sergeants
  2 scorpions
  9 killer bees
  3 wights (D:8)
  A howler monkey (D:8)
  3 crimson imps
  5 bullfrog zombies
  3 centaur zombies
  A human zombie (D:5)
  5 jellies
  4 orc priests
  Crazy Yiuf (D:7)
  4 bullfrog skeletons
  4 hounds
  2 orc wizards
  An iguana (D:4)
  7 worker ants
  3 killer bee zombies
  A hound skeleton (D:9)
  5 hound zombies
  16 mummies (Ossuary)
  2 worker ant zombies (Ossuary)
  12 gnolls
  A howler monkey skeleton (D:6)
  7 adders
  3 shadow imps
  4 worms
  2 dart slugs
  6 leopard geckos
  19 orcs
  4 ball pythons
  3 giant cockroaches
  8 goblins
  8 hobgoblins
  6 jackals
  13 kobolds
  3 quokkas
  6 bats
  4 frilled lizards
  A giant cockroach zombie (Ossuary)
  A jackal zombie (Ossuary)
  A leopard gecko skeleton (D:3)
  2 leopard gecko zombies
  3 orc skeletons (D:5)
  5 quokka zombies
  5 rats
271 creatures vanquished.

Vanquished Creatures (others)
  2 slaves (D:8)
2 creatures vanquished.

Grand Total: 273 creatures vanquished

Notes
Turn   | Place    | Note
-------+----------+-------------------------------------------
     0 | D:1      | sscrono2 the Octopode Assassin began the quest for the Orb.
     0 | D:1      | Reached XP level 1. HP: 14/14 MP: 1/1
   192 | D:1      | Reached XP level 2. HP: 18/19 MP: 2/2
   719 | D:1      | Reached XP level 3. HP: 16/24 MP: 3/3
  1164 | D:2      | Found a hide-covered altar of Uskayaw.
  1368 | D:2      | Found an opulent altar of Gozag.
  1369 | D:2      | Found a sparkling altar of Nemelex Xobeh.
  1745 | D:3      | Reached XP level 4. HP: 29/29 MP: 4/4
  1773 | D:2      | Became a worshipper of Uskayaw the Reveler
  1807 | D:3      | Found a bloodstained altar of Trog.
  1839 | D:3      | Reached * piety under Uskayaw
  2055 | D:3      | Reached ** piety under Uskayaw
  2062 | D:3      | Reached *** piety under Uskayaw
  2066 | D:3      | Reached **** piety under Uskayaw
  2375 | D:3      | Found a glowing silver altar of Zin.
  2422 | D:4      | Reached skill level 5 in Short Blades
  2422 | D:4      | Reached XP level 5. HP: 34/34 MP: 5/5
  2448 | D:4      | Found a basalt altar of Yredelemnul.
  2794 | D:4      | Found a white marble altar of Elyvilon.
  2942 | D:4      | Noticed an ogre
  2953 | D:4      | Killed an ogre
  2953 | D:4      | Reached XP level 6. HP: 39/39 MP: 6/6
  3161 | D:5      | Entered Level 5 of the Dungeon
  3199 | D:5      | Found a snail-covered altar of Cheibriados.
  3275 | D:5      | Reached XP level 7. HP: 45/45 MP: 7/7
  3415 | D:5      | Reached ***** piety under Uskayaw
  3717 | D:5      | Reached XP level 8. HP: 50/50 MP: 8/8
  3778 | D:5      | Found a sand-covered staircase.
  3785 | D:5      | Reached skill level 1 in Invocations
  3789 | Ossuary  | Entered an ossuary
  3835 | Ossuary  | Reached skill level 1 in Shields
  3901 | Ossuary  | Reached ****** piety under Uskayaw
  4696 | D:6      | Reached XP level 9. HP: 51/57 MP: 10/12
  4753 | D:6      | Found Uterywn's Weapon Emporium.
  4916 | D:6      | Found Ponistug's Magic Scroll Boutique.
  4928 | D:6      | Bought a scroll of brand weapon for 260 gold pieces
  4928 | D:6      | Bought a scroll of remove curse for 39 gold pieces
  4931 | D:6      | Found a staircase to the Ecumenical Temple.
  4962 | Temple   | Entered the Ecumenical Temple
  5061 | D:6      | Found Arphuunly's Food Boutique.
  5064 | D:6      | Found Cekkox's Antique Armour Shop.
  5147 | D:6      | Found a stormy altar of Qazlal.
  5336 | D:6      | Reached skill level 5 in Invocations
  6015 | D:7      | Found a shattered altar of Ashenzari.
  6324 | D:7      | Reached XP level 10. HP: 51/65 MP: 13/15
  6486 | D:7      | Found a runed door.
  6598 | D:7      | Noticed Crazy Yiuf
  6602 | D:7      | Killed Crazy Yiuf
  6773 | D:8      | Noticed Prince Ribbit
  6954 | D:8      | Noticed a two-headed ogre
  6959 | D:8      | Killed a two-headed ogre
  6959 | D:8      | Reached skill level 5 in Fighting
  7141 | D:8      | Killed Prince Ribbit
  7174 | D:8      | Found an iron altar of Okawaru.
  7176 | D:8      | Found a shadowy altar of Dithmenos.
  7187 | D:8      | Found a radiant altar of Vehumet.
  7457 | D:8      | Noticed Pikel
  7469 | D:8      | Killed Pikel
  7469 | D:8      | Reached skill level 5 in Dodging
  7469 | D:8      | Reached skill level 5 in Shields
  7558 | D:8      | Noticed a three-headed hydra
  7575 | D:8      | Gained mutation: One of your tentacles bears a spike. [potion of mutation]
  7575 | D:8      | Gained mutation: You are somewhat resistant to further mutation. [potion of mutation]
  7612 | D:8      | Killed a one-headed hydra
  7612 | D:8      | Reached XP level 11. HP: 41/72 MP: 17/17
  7743 | D:9      | Noticed Erolcha
  7771 | D:9      | Killed Erolcha
  7771 | D:9      | Reached skill level 10 in Stealth
  7807 | D:9      | Noticed a cyclops
  7820 | D:9      | Noticed a manticore
  7832 | D:9      | Killed a manticore
  7916 | D:9      | Killed a cyclops
  7933 | D:9      | Learned a level 9 spell: Tornado
  7965 | D:9      | Found a staircase to the Lair.
  8629 | D:9      | Reached skill level 1 in Air Magic
  8782 | D:10     | Entered Level 10 of the Dungeon
  8792 | D:10     | Found Gazoas's Weapon Emporium.
  8960 | D:10     | Got a slimy war axe
  8961 | D:10     | Identified the +3 war axe of Salt {chop, rN+ Int-2 Dex+3} (You found it on level 10 of the Dungeon)
  9397 | D:10     | Reached skill level 10 in Invocations
  9437 | D:11     | Noticed Grum
  9921 | D:11     | Killed Grum
 10249 | D:11     | Noticed a deep troll
 10249 | D:11     | Noticed a tengu reaver
 10255 | D:11     | Noticed an ettin
 10275 | D:11     | Killed a deep troll
 10278 | D:11     | Killed an ettin
 10415 | D:11     | Killed from afar by a tengu reaver

Vault maps used:
D:1:      roderic_crossed_star
D:2:      grunt_temple_overflow_opulence, nicolae_overflow_hidden_temple
D:3:      lemuel_crystal_altar, zin_treasury
D:4:      kennysheep_ying_yang, first_bread
D:5:      cheibriados_altar_1, nicolae_ossuary_entry_catacombs
D:6:      grunt_qazlal_sundering, minmay_temple_entry_junction_2, serial_shops,
          shop, shop, nicolae_shop_crystal, shop
D:7:      evilmike_ruin_ashenzari, uniq_crazy_yiuf_cottage
D:8:      gammafunk_temple_overflow_forgotten, hangedman_ranch,
          uniq_prince_ribbit1, uniq_pikel
D:9:      minmay_lair_entry_lava, minmay_diamond_spiral, uniq_erolcha
D:10:     serial_shops, shop_coins
D:11:     minmay_glassy_protrusions, erik_orc_1, uniq_grum
Temple:   jpeg_temple_island
Ossuary:  ossuary_zaba_flooded

Skill      XL: |  1  2  3  4  5  6  7  8  9 10 11 |
---------------+----------------------------------+-----
Short Blades   | 3 4 5 6 7 9 |  9.0
Invocations    | 4 6 9 10 | 10.3
Shields        | 2 4 5 6 |  6.4
Dodging        | 2 4 5 6 |  6.3
Stealth        | 6 8 9 10 | 10.7
Fighting       | 3 4 6 |  6.7
Air Magic      | 3 |  3.3
Throwing       | |  2.0

Action                   |  1- 3 |  4- 6 |  7- 9 | 10-12 || total
-------------------------+-------+-------+-------+-------++-------
Melee: Dagger            |    67 |    63 |   250 |   182 ||   562
       Constrict         |    20 |    19 |    52 |    23 ||   114
       Tentacles         |    11 |     5 |    31 |    32 ||    79
       Hand axe          |       |       |       |     3 ||     3
       Kick              |       |       |       |    25 ||    25
 Fire: Blowgun           |       |     4 |       |     6 ||    10
Invok: Grand Finale      |       |       |     1 |       ||     1
       Stomp             |       |       |       |     4 ||     4
Evoke: Wand              |       |       |       |     7 ||     7
       Lightning rod     |       |       |       |     2 ||     2
  Use: Scroll            |       |     9 |     9 |     6 ||    24
       Potion            |       |     2 |     2 |     9 ||    13
 Stab: Sleeping          |    14 |    12 |    22 |    33 ||    81
       Paralysed         |       |     1 |    10 |     5 ||    16
       Distracted        |       |       |     2 |       ||     2
       Confused          |       |       |       |     2 ||     2
  Eat: Chunk             |     2 |     5 |     6 |     9 ||    22
       Bread ration      |       |       |     1 |     1 ||     2
Armor: Skin              |     2 |     2 |     4 |     3 ||    11
Dodge: Dodged            |    19 |    22 |    87 |    94 ||   222
